 Dungeon Crawl Stone Soup version 0.21-a0-394-gdc75ea7 (webtiles) character file.

46231 Tungsten the Destroyer (level 14, -1/88 HPs)
             Began as a Kobold Conjurer on Oct 18, 2017.
             Was an Elder of Sif Muna.
             Slain by flows's ghost (42 damage)
             ... on level 4 of the Lair of Beasts on Oct 19, 2017.
             The game lasted 01:57:25 (35469 turns).

Tungsten the Destroyer (Kobold Conjurer)           Turns: 35469, Time: 01:57:26

Health: -1/88      AC: 14    Str:  6    XL:     14   Next: 75%
Magic:  17/28      EV: 23    Int: 21    God:    Sif Muna [****..]
Gold:   798        SH:  6    Dex: 15    Spells: 2/33 levels left

rFire    . . .     SeeInvis .   a - +6 demon whip (venom)
rCold    . . .     Gourm    .   d - +0 buckler
rNeg     + . .     Faith    .   S - +2 robe {rN+}
rPois    +         Spirit   .   m - +1 helmet
rElec    .         Reflect  .   t - +0 cloak {rPois}
rCorr    .         Harm     .   D - +1 pair of gloves
MR       +....                  K - +1 pair of boots
Stlth    +++.......             (no amulet)
HPRegen  0.24/turn              T - ring of wizardry
MPRegen  0.21/turn              P - +3 ring of protection

@: divine energy
A: carnivore 3
a: Stop Divine Energy, Channel Magic, Forget Spell, Renounce Religion


You were on level 4 of the Lair of Beasts.
You worshipped Sif Muna.
Sif Muna was greatly pleased with you.
You were not hungry.

You visited 3 branches of the dungeon, and saw 19 of its levels.
You also visited: Ossuary.

You collected 993 gold pieces.
You spent 195 gold pieces at shops.


Innate Abilities, Weirdness & Mutations

You are small and have problems with some larger weapons.
You are carnivorous and can eat meat at any time.


   Skills:
 + Level 10.8 Fighting
 + Level 3.5 Maces & Flails
 + Level 11.3 Dodging
 - Level 6.0 Stealth
 + Level 3.1 Shields
 - Level 10.0 Spellcasting
 - Level 13.0 Conjurations
 - Level 5.0 Poison Magic
 + Level 6.5 Invocations
 - Level 10.0 Evocations


You had 2 spell levels left.
You knew the following spells:

 Your Spells              Type           Power        Failure   Level  Hunger
a - Magic Dart            Conj           ####         1%          1    None
b - Searing Ray           Conj           ######       1%          2    None
c - Dazzling Spray        Conj/Hex       #####.       1%          3    None
d - Shroud of Golubria    Chrm/Tloc      ##........   4%          2    None
e - Iskenderun's Mystic   Conj           ######..     1%          4    ##.....
f - Force Lance           Conj/Tloc      #####...     2%          4    ##.....
g - Regeneration          Chrm/Necr      ##........   10%         3    None
h - Spectral Weapon       Hex/Chrm       ##......     10%         3    None
i - Venom Bolt            Conj/Pois      #####.....   2%          5    ####...
j - Olgreb's Toxic Radia  Pois           ####....     4%          4    ##.....

Inventory:

Hand Weapons
 a - a +6 demon whip of venom (weapon)
Missiles
 H - a throwing net (quivered)
Armour
 d - a +0 buckler (worn)
 e - a scarf of resistance
 m - a +1 helmet (worn)
 t - a +0 cloak of poison resistance (worn)
 D - a +1 pair of gloves (worn)
 K - a +1 pair of boots (worn)
 S - a +2 robe of positive energy (worn)
Jewellery
 q - an uncursed ring of ice
 P - a +3 ring of protection (right hand)
 T - a ring of wizardry (left hand)
 W - an uncursed ring of see invisible
Wands
 b - a wand of acid (2/15)
 g - a wand of polymorph (11/24)
 r - a wand of scattershot (4/9)
 w - a wand of clouds (2/9)
 B - a wand of paralysis (12/24)
 G - a wand of clouds (8/9)
 Z - a wand of clouds (4/9)
Scrolls
 u - a scroll of remove curse
 z - 5 scrolls of magic mapping
 A - 4 scrolls of teleportation
 C - 4 scrolls of amnesia
 E - 2 scrolls of fog
Potions
 f - a potion of cancellation
 i - 4 potions of might
 j - 3 potions of curing
 k - 2 potions of haste
 o - 4 potions of lignification {!q}
 p - 3 potions of mutation {!q}
 v - 2 potions of flight
 F - a potion of ambrosia {unknown}
 M - a potion of magic
 N - 2 potions of berserk rage {!q}
 O - a potion of brilliance
 V - a potion of resistance
 Y - a potion of degeneration {unknown}
Miscellaneous
 R - a box of beasts
Comestibles
 c - 8 meat rations
 n - 16 royal jellies


Message History

Flows's ghost is lightly damaged.
Flows's ghost closely misses you.
Casting: Iskenderun's Mystic Blast
Confirm with . or Enter, or press ? or * to list all spells.
Aiming: Iskenderun's Mystic Blast
Press: ? - help, Shift-Dir - straight line, f/p - flows's ghost
Aim: flows's ghost (lightly damaged)
The orb of energy hits flows's ghost.
Flows's ghost is moderately damaged.
Flows's ghost barely misses you.
Casting: Iskenderun's Mystic Blast
Confirm with . or Enter, or press ? or * to list all spells.
Aiming: Iskenderun's Mystic Blast
Press: ? - help, Shift-Dir - straight line, f/p - flows's ghost
Aim: flows's ghost (moderately damaged)
The orb of energy hits flows's ghost.
Flows's ghost is moderately damaged.
The orb of energy explodes!
Flows's ghost hits you! Flows's ghost hits you!!!
You die...

....#........P.........###.......
..##........##...................
..P##P..............)........>...
....##.....##....................
#.........P......................
...............................).
.........#.......................
.........P......../..............
.....#..........@........>.......
.....#.....###...W...............
...###.......##..................
.#.#........###.........#........
....#........#........##.........
............##.........#.........
.............#.......###.........
...../.............###...........
..................## ##.........#


You could see flows's ghost.

Vanquished Creatures
  Josephine (D:13)
  4 hydras
  A centaur warrior (D:13)
  4 two-headed ogres
  The ghost of Kwerbleburb the Basher, a novice MiBe of Trog (D:6)
  2 wizards (D:13)
  A deep elf mage (D:12)
  An ugly thing (D:13)
  A necromancer (Lair:5)
  A cyclops (D:11)
  A manticore (Lair:5)
  A black mamba (Lair:4)
  Maurice (D:11)
  A merfolk siren (Lair:2)
  2 gargoyles (D:13)
  A centaur skeleton (D:10)
  11 spiny frogs
  6 rime drakes
  4 komodo dragons
  2 polar bears
  Grinder (D:5)
  4 jumping spiders (Lair:3)
  2 hornets
  A queen bee (D:11)
  2 trolls
  4 blink frogs
  9 slime creatures
  17 hippogriffs
  6 redbacks (Lair:3)
  Sigmund (D:6)
  4 wraiths
  9 wyverns (Lair:5)
  16 humans
  19 yaks
  2 hogs (D:8)
  A hungry ghost (D:13)
  3 basilisks
  2 soldier ants
  Edmund (D:5)
  6 water moccasins
  7 porcupines
  7 orc warriors
  4 ice beasts
  A black bear (D:9)
  An elephant zombie (Lair:5)
  6 sky beasts
  7 phantoms
  A necrophage (D:7)
  11 wolves
  The ghost of Yermak the Digger, an amateur DgEE (Ossuary)
  7 ogres
  10 centaurs
  7 crocodiles
  3 big kobolds
  2 elf zombies (Ossuary)
  17 bullfrogs
  3 gnoll sergeants (D:9)
  A scorpion (D:6)
  25 killer bees (D:11)
  4 wights (D:12)
  2 electric eels
  A howler monkey (D:4)
  4 crimson imps
  2 quasits
  2 human zombies (Ossuary)
  A basilisk zombie (Lair:5)
  4 centaur zombies
  Crazy Yiuf (D:2)
  A jelly (D:10)
  8 orc priests
  7 hounds
  9 orc wizards
  Terence (D:2)
  4 iguanas
  5 worker ants
  2 big kobold zombies (Ossuary)
  A hound skeleton (D:4)
  2 mummies (Ossuary)
  7 gnolls
  10 adders
  4 shadow imps
  An ooze (D:6)
  2 adder zombies
  2 adder skeletons
  6 dart slugs
  3 worms
  4 leopard geckos
  42 orcs
  2 ball pythons
  6 giant cockroaches
  4 goblins
  10 hobgoblins
  20 jackals
  2 quokkas
  11 bats
  7 frilled lizards
  2 goblin zombies (Ossuary)
  4 hobgoblin zombies (Ossuary)
  3 jackal zombies
  16 kobolds
  11 kobold zombies (Ossuary)
  9 orc zombies (Ossuary)
  2 quokka skeletons
  7 rats
  A bush (D:2)
  A fungus (Lair:3)
538 creatures vanquished.

Vanquished Creatures (others)
  A centaur warrior (D:13)
  A troll (D:13)
  A wraith (D:13)
  A centaur (D:13)
  A bush (Lair:5)
  30 fungi
  19 plants
54 creatures vanquished.

Grand Total: 592 creatures vanquished

Notes
Turn   | Place    | Note
-------+----------+-------------------------------------------
     0 | D:1      | Tungsten the Kobold Conjurer began the quest for the Orb.
     0 | D:1      | Reached XP level 1. HP: 10/10 MP: 3/3
   281 | D:1      | Reached XP level 2. HP: 15/15 MP: 3/5
   434 | D:1      | Reached XP level 3. HP: 19/19 MP: 2/6
   695 | D:1      | Reached skill level 3 in Dodging
  1647 | D:2      | Reached XP level 4. HP: 24/24 MP: 3/8
  1857 | D:2      | Learned a level 2 spell: Searing Ray
  1889 | D:2      | Noticed Terence
  1895 | D:2      | Killed Terence
  1895 | D:2      | Reached skill level 3 in Spellcasting
  1895 | D:2      | Reached skill level 5 in Conjurations
  2008 | D:2      | Reached XP level 5. HP: 28/28 MP: 3/9
  2787 | D:2      | Found a runed door.
  2792 | D:2      | Noticed Crazy Yiuf
  2799 | D:2      | Killed Crazy Yiuf
  3322 | D:3      | Reached skill level 1 in Evocations
  3721 | D:3      | Reached XP level 6. HP: 32/32 MP: 2/11
  3987 | D:4      | Noticed an ogre
  4130 | D:4      | Noticed an ogre
  4134 | D:4      | Killed an ogre
  4409 | D:3      | Learned a level 3 spell: Dazzling Spray
  4668 | D:4      | Found a bloodstained altar of Trog.
  4740 | D:4      | Killed an ogre
  4740 | D:4      | Reached skill level 6 in Conjurations
  4740 | D:4      | Reached XP level 7. HP: 36/36 MP: 5/12
  5574 | D:4      | Reached skill level 3 in Evocations
  5637 | D:5      | Entered Level 5 of the Dungeon
  5648 | D:5      | Found a sand-covered staircase.
  5652 | Ossuary  | Entered an ossuary
  5978 | Ossuary  | Reached XP level 8. HP: 21/41 MP: 1/14
  6234 | Ossuary  | Reached skill level 7 in Conjurations
  7020 | Ossuary  | Noticed Yermak's ghost (amateur DgEE)
  7025 | Ossuary  | Killed Yermak's ghost
  7220 | D:5      | Noticed Edmund
  7230 | D:5      | Killed Edmund
  7233 | D:5      | Reached skill level 6 in Dodging
  7365 | D:5      | Noticed Grinder
  7374 | D:5      | Killed Grinder
  7374 | D:5      | Reached skill level 8 in Conjurations
  7374 | D:5      | Reached XP level 9. HP: 35/45 MP: 6/16
  7838 | D:5      | Noticed a two-headed ogre
  7867 | D:5      | Killed a two-headed ogre
  7867 | D:5      | Reached skill level 6 in Spellcasting
  7867 | D:5      | Reached skill level 9 in Conjurations
  8209 | D:5      | Reached skill level 6 in Evocations
  8776 | D:5      | Found Maunaodug's Antique Weapon Emporium.
  9130 | D:6      | Reached XP level 10. HP: 50/50 MP: 8/19
  9296 | D:6      | Found an ancient bone altar of Kikubaaqudgha.
  9440 | D:6      | Found a basalt altar of Yredelemnul.
  9443 | D:6      | Found a sparkling altar of Nemelex Xobeh.
  9457 | D:6      | Found a shattered altar of Ashenzari.
  9710 | D:6      | Noticed Kwerbleburb's ghost (novice MiBe)
  9712 | D:6      | Upgraded the game from 0.21-a0-380-gd65dc97 to 0.21-a0-394-gdc75ea7
  9748 | D:5      | Learned a level 2 spell: Shroud of Golubria
  9877 | D:6      | Found a shimmering altar of Xom.
 10606 | D:7      | Found a staircase to the Ecumenical Temple.
 10615 | Temple   | Entered the Ecumenical Temple
 10818 | Temple   | Became a worshipper of Sif Muna the Loreminder
 11007 | D:7      | Reached skill level 10 in Conjurations
 11428 | D:8      | Reached skill level 1 in Invocations
 12435 | D:8      | Found a staircase to the Lair.
 12436 | D:8      | Noticed a komodo dragon
 12449 | D:8      | Found a burning altar of Makhleb.
 12450 | D:8      | Found a radiant altar of Vehumet.
 13194 | D:9      | Reached * piety under Sif Muna
 13194 | D:9      | Reached skill level 3 in Invocations
 13194 | D:9      | Reached XP level 11. HP: 27/54 MP: 10/22
 13199 | D:9      | Reached skill level 9 in Dodging
 14249 | D:9      | Found a staircase to the Orcish Mines.
 14378 | D:8      | HP: 2/54 [komodo dragon (19)]
 14676 | Lair:1   | Entered Level 1 of the Lair of Beasts
 14783 | Lair:1   | Reached skill level 11 in Conjurations
 15076 | Lair:1   | Noticed a six-headed hydra
 15499 | Lair:1   | Learned a level 4 spell: Iskenderun's Mystic Blast
 16072 | Lair:1   | Learned a level 4 spell: Force Lance
 16321 | Lair:1   | Killed a six-headed hydra
 16321 | Lair:1   | Reached ** piety under Sif Muna
 16321 | Lair:1   | Reached skill level 9 in Spellcasting
 17152 | Lair:1   | Reached XP level 12. HP: 59/59 MP: 14/25
 17881 | Lair:1   | Reached skill level 12 in Conjurations
 18221 | Lair:2   | Reached skill level 1 in Fighting
 18279 | Lair:2   | Found a staircase to the Shoals.
 19180 | Lair:3   | Reached skill level 3 in Fighting
 19873 | Lair:3   | Learned a level 3 spell: Regeneration
 19877 | Lair:3   | Learned a level 3 spell: Spectral Weapon
 19958 | Lair:3   | Reached *** piety under Sif Muna
 19999 | Lair:3   | Reached skill level 9 in Evocations
 20605 | Lair:3   | Found a hole to the Spider Nest.
 20967 | Lair:3   | Learned a level 5 spell: Venom Bolt
 20972 | Lair:3   | Learned a level 4 spell: Olgreb's Toxic Radiance
 21123 | Lair:4   | Reached skill level 1 in Poison Magic
 21481 | Lair:4   | Found a bloodstained altar of Trog.
 21902 | Lair:4   | Noticed flows's ghost (journeyman TrMo)
 21956 | Lair:3   | Reached skill level 6 in Fighting
 22550 | Lair:4   | Reached XP level 13. HP: 74/74 MP: 8/27
 23118 | Lair:5   | Reached skill level 3 in Poison Magic
 23127 | Lair:5   | Noticed a six-headed hydra
 23301 | Lair:5   | Noticed a four-headed hydra
 23309 | Lair:4   | Killed a four-headed hydra
 25388 | Lair:5   | HP: 14/80 [wyvern (18)]
 25652 | Lair:5   | Reached skill level 9 in Fighting
 26108 | D:6      | Noticed Sigmund
 26116 | D:6      | Killed Sigmund
 26165 | D:6      | Found a glowing silver altar of Zin.
 26466 | D:6      | Killed Kwerbleburb's ghost
 27219 | D:10     | Entered Level 10 of the Dungeon
 27625 | D:10     | Reached skill level 3 in Stealth
 27967 | D:10     | Reached **** piety under Sif Muna
 28670 | D:10     | Found Betafopp's Jewellery Emporium.
 29166 | D:10     | Reached skill level 13 in Conjurations
 29366 | D:11     | Noticed a four-headed hydra
 29403 | D:11     | Noticed Maurice
 29455 | D:10     | Bought an uncursed ring of see invisible for 195 gold pieces
 29626 | D:11     | Reached XP level 14. HP: 62/87 MP: 5/28
 29794 | D:11     | Killed Maurice
 30263 | D:11     | Reached skill level 1 in Maces & Flails
 30559 | D:12     | Reached skill level 1 in Shields
 33569 | D:13     | Reached skill level 6 in Invocations
 33580 | D:13     | Reached skill level 3 in Maces & Flails
 33767 | D:13     | Noticed Josephine
 33783 | D:12     | Reached skill level 6 in Stealth
 34060 | D:13     | Killed Josephine
 34286 | D:13     | HP: 11/88 [wizard/orb of energy (19)]
 34713 | D:13     | Reached skill level 3 in Shields
 34736 | D:13     | Paralysed by a wizard for 5 turns
 34750 | D:13     | HP: 16/88 [skeletal warrior/stone (14)]
 34787 | D:13     | HP: 11/88 [skeletal warrior/battleaxe[a skeletal warrior] (23)]
 34789 | D:13     | HP: 5/88 [centaur/arrow[a centaur warrior] (2)]
 35469 | Lair:4   | Slain by flows's ghost

Vault maps used:
D:1:      minmay_arrival_loop, minmay_crystal_room, minivault_26
D:2:      grunt_ministairs_8, minmay_bisected, uniq_crazy_yiuf_cottage,
          uniq_terence
D:4:      bloody_trog
D:5:      first_bread, enter_ossuary_5, serial_shops, nicolae_shop_trees,
          minivault_5, uniq_grinder, uniq_edmund
D:6:      nicolae_overflow_hidden_temple, lemuel_round_altar,
          grunt_temple_overflow_cloverleaf, uniq_sigmund
D:7:      minmay_temple_entry_statues_pillars, serial_glass, glass_columns_a,
          glass_columns_c
D:8:      grunt_temple_overflow_lords_of_destruction, david_lair_shrubbed,
          grunt_livestock
D:9:      kennysheep_orc_monster_closet_entryway
D:10:     serial_shops, shop, hangedman_decor_opposing
D:11:     special_room, kennysheep_nondescript, minmay_fountain_box,
          uniq_maurice
D:13:     grunt_vaults_entry_tiered, serial_shops, freezing_bzr, uniq_josephine
Temple:   nicolae_temple_figure_eight
Lair:2:   minmay_shoals_entry_lonely_mermaid, nicolae_quartered_pool_super,
          serial_bayou_shore_b
Lair:3:   nicolae_spider_entry_tight_spaces
Lair:4:   lemuel_centaur_altar
Lair:5:   pond_and_an_island_with_a_cottage, slime_altar_1, special_room,
          portal_ice_cave_entry_pillars_1, minmay_holes, beast_lair_carwin_5
Ossuary:  ossuary_tomb_1

Action                   |  1- 3 |  4- 6 |  7- 9 | 10-12 | 13-15 || total
-------------------------+-------+-------+-------+-------+-------++-------
Melee: Short sword       |    81 |   214 |       |    52 |    41 ||   388
       Mace              |       |    13 |    57 |       |       ||    70
       Flail             |       |       |       |    27 |       ||    27
       Demon whip        |       |       |       |       |    99 ||    99
 Cast: Magic Dart        |    66 |    83 |    55 |   136 |    99 ||   439
       Searing Ray       |       |    25 |    74 |   132 |    46 ||   277
       Shroud of Golubri |       |       |       |     4 |     4 ||     8
       Force Lance       |       |       |       |    15 |     4 ||    19
       Iskenderun's Myst |       |       |       |    51 |   174 ||   225
       Dazzling Spray    |       |       |       |     6 |       ||     6
       Venom Bolt        |       |       |       |    16 |    88 ||   104
       Olgreb's Toxic Ra |       |       |       |       |    55 ||    55
       Regeneration      |       |       |       |       |     2 ||     2
       Spectral Weapon   |       |       |       |       |     1 ||     1
Invok: Divine Energy     |       |       |       |     1 |       ||     1
Evoke: Wand              |       |     1 |     2 |    24 |    10 ||    37
  Use: Scroll            |       |     8 |     7 |    13 |    22 ||    50
       Potion            |       |       |     1 |     2 |     6 ||     9
 Stab: Sleeping          |       |     2 |       |       |     1 ||     3
       Paralysed         |       |       |       |    37 |       ||    37
  Eat: Chunk             |    11 |    11 |    14 |    47 |    54 ||   137
       Royal jelly       |       |       |       |       |     3 ||     3
Armor: Robe              |     7 |    15 |    19 |    46 |   105 ||   192
       Skin              |       |       |       |       |    10 ||    10
Dodge: Dodged            |    30 |    56 |   125 |   411 |   373 ||   995
Block: Buckler           |       |       |       |       |    35 ||    35
